 Dungeon Crawl Stone Soup version 0.30-a0-782-ge64f9170bb (webtiles) character file.

Game seed: 13780493432548879486

9923 Crownlay the Grappler (level 11, -24/109 HPs)
             Began as a Troll Fighter on Mar 5, 2023.
             Was a Priest of Wu Jian.
             Killed from afar by a gargoyle (31 damage)
             ... with a stone arrow
             ... on level 9 of the Dungeon.
             The game lasted 00:18:17 (7226 turns).

Crownlay the Grappler (Troll Fighter)               Turns: 7226, Time: 00:18:19

Health: -24/109    AC: 10    Str: 26    XL:     11   Next: 29%
Magic:  10/10      EV:  9    Int:  8    God:    Wu Jian [***...]
Gold:   668        SH:  9    Dex:  9    Spells: 10/10 levels left

rFire   . . .      SeeInvis +      - Unarmed
rCold   . . .      Faith    +    b - +0 kite shield
rNeg    . . .      Spirit   .    F - +0 troll leather armour
rPois   .          Reflect  .    l - +0 hat
rElec   .          Harm     .    (no cloak)
rCorr   .          Rampage  .    (gloves unavailable)
Will    .....                    (boots unavailable)
Stlth   +                        f - amulet of faith
HPRegen 1.98/turn                p - ring of see invisible
MPRegen 0.12/turn                w - +4 ring of protection

@: serpent's lash
A: large, unfitting armour, claws 3, regeneration 1, shaggy fur 1, tough skin 1
a: Renounce Religion, Wall Jump, Serpent's Lash


You were on level 9 of the Dungeon.
You worshipped Wu Jian.
Wu Jian was most pleased with you.
You visited 2 branches of the dungeon, and saw 10 of its levels.
You also visited: Ossuary.

You collected 668 gold pieces.

Inventory:

Missiles
 L - a curare-tipped dart (quivered)
Armour
 b - a +0 kite shield (worn)
 l - a +0 hat (worn)
 F - a +0 troll leather armour (worn)
Jewellery
 f - an amulet of faith (around neck)
 p - a ring of see invisible (left claw)
 w - a +4 ring of protection (right claw)
 y - a ring of protection from fire
 I - the amulet of Iklots {Acrobat *Corrode rElec rF+}
   (You found it on level 7 of the Dungeon)

   [amulet of the acrobat]

   It increases your evasion while moving and waiting.
   rF:        It protects you from fire.
   rElec:     It insulates you from electricity.
   *Corrode:  It may corrode you when you take damage.
 J - an amulet of the acrobat
Wands
 d - a wand of digging (5)
 M - a wand of paralysis (4)
Scrolls
 a - 2 scrolls of noise {unknown}
 c - 3 scrolls of blinking
 g - 3 scrolls of enchant weapon
 j - a scroll of summoning
 k - a scroll of amnesia
 m - a scroll of vulnerability
 n - 2 scrolls of fog
 o - 2 scrolls of immolation
 r - 4 scrolls of teleportation
 t - a scroll of torment {unknown}
 v - 2 scrolls of poison
 C - a scroll of magic mapping {unknown}
 E - a scroll of brand weapon {unknown}
 N - a scroll of fear {unknown}
Potions
 e - 3 potions of haste
 h - a potion of lignification {unknown}
 i - 4 potions of attraction
 q - 3 potions of curing
 s - 3 potions of mutation
 u - a potion of flight {unknown}
 x - a potion of invisibility {unknown}
 z - a potion of experience {unknown}
 A - 3 potions of resistance {unknown}
 B - 2 potions of heal wounds {unknown}
 D - 3 potions of magic {unknown}
 G - a potion of brilliance {unknown}
 H - 2 potions of berserk rage {unknown}
 K - 2 potions of cancellation {unknown}


   Skills:
 + Level 7.6 Fighting
 + Level 5.0 Dodging
 + Level 8.3 Shields
 * Level 12.2 Unarmed Combat


You had 10 spell levels left.
You didn't know any spells.
Your spell library contained the following spells:

 Spells                   Type           Power      Damage    Failure   Level
 Call Canine Familiar     Summ           0%         N/A       96%         3
 Portal Projectile        Hex/Tloc       0%         N/A       96%         3
 Tukima's Dance           Hex            0%         N/A       96%         3
 Leda's Liquefaction      Hex/Erth       0%         N/A       100%        4
 Passage of Golubria      Tloc           0%         N/A       100%        4
 Summon Forest            Summ/Tloc      0%         N/A       100%        5
 Yara's Violent Unravell  Hex/Tmut       0%         3d3       100%        5
 Eringya's Noxious Bog    Tmut/Pois      0%         N/A       100%        6
 Summon Hydra             Summ           0%         N/A       100%        7


Dungeon Overview and Level Annotations

Branches:
Dungeon (9/15)             Temple (1/1) D:4         Ossuary (visited)
   Lair: D:8-11         Orc: D:9-12

Altars:
Ashenzari
Cheibriados
Elyvilon
Fedhas
Gozag
Kikubaaqudgha
Makhleb
Qazlal
Ru
Sif Muna
Trog
Uskayaw
Vehumet
Wu Jian
Xom
Yredelemnul
Zin
The Shining One

Shops:
D:3 (   D:4 (

Annotations:
D:8 exclusion: obsidian statue


Innate Abilities, Weirdness & Mutations

You are too large for most types of armour.
You have claws for hands.
Your natural rate of healing is unusually fast.
You are covered in fur. (AC +1)
You have tough skin. (AC +1)


Message History

The Council accepts your kill.
Your Dodging skill increases to level 5!
Your muscles tense, ready for explosive movement...
You closely miss the white ugly thing.
You block the white ugly thing's attack.
You mangle the white ugly thing!!
The white ugly thing is moderately wounded.
The white ugly thing closely misses you.
You claw the white ugly thing!
The white ugly thing is heavily wounded.
The white ugly thing kicks you! The white ugly thing freezes you!!
* * * LOW HITPOINT WARNING * * *
You mangle the white ugly thing!!
The white ugly thing is almost dead.
The white ugly thing kicks you.
* * * LOW HITPOINT WARNING * * *
The white ugly thing freezes you!
* * * LOW HITPOINT WARNING * * *
Okay, then.
You mangle the white ugly thing!!
You kill the white ugly thing!
The Council accepts your kill.
Okay, then.
You scratch the gargoyle.
The gargoyle is moderately damaged.
You barely miss the gargoyle.
The gargoyle is moderately damaged.
The gargoyle hits you with a +0 mace!
* * * LOW HITPOINT WARNING * * *
A centaur warrior comes into view.
It is wielding the +5 dagger "Tinyeklo" {protect, Dex+4}.
The centaur warrior shouts!
You scratch the gargoyle.
The gargoyle is moderately damaged.
The gargoyle hits you with a +0 mace.
* * * LOW HITPOINT WARNING * * *
You feel better.
A boulder beetle comes into view.
The gargoyle hurls a stone arrow at you.
The stone arrow hits you!!
You die...

#.........##÷##.## #..##...
#..##...##...#..# #..##...
#...##..##...##.## #..##...
#..#..##.....#..# #.......
#.....##.....##.### #.......
##...##.##.##.#...#############
#...###.#.#.###........##.....
##.##.###.###.#........##.....
#.##........@##.......##.....
#.#.#######.#9#.......##.....
##.........##C#.......##.....
#.#######.##u##......##....#
##.†.....###.##......##....#
#[#####.# #c###.....##.....
##.....####:###.....##.....
#.###.# #.B.###....##.....
##...####.#.###....##.....


You could see a boulder beetle (wandering), a white ugly thing, a centaur
warrior, a cyclops and a gargoyle.

Vanquished Creatures
  Gastronok (D:8)
  2 centaur warriors (D:9)
  A two-headed ogre (D:9)
  Pikel (D:5)
  An ugly thing (D:9)
  An unseen horror (D:8)
  2 trolls (D:9)
  A queen bee (shapeshifter) (D:9)
  Grinder (D:3)
  A hornet (D:9)
  Sigmund (D:5)
  A yak (D:9)
  2 shadows (D:9)
  A wyvern (D:9)
  Eustachio (D:3)
  A basilisk (D:9)
  2 steam dragons
  2 water moccasins
  A black bear (D:6)
  6 sky beasts
  3 centaurs
  3 kobold brigands
  A phantom (D:7)
  2 necrophages
  2 bullfrogs
  10 scorpions
  3 killer bees (D:7)
  9 wights (D:8)
  A howler monkey (D:8)
  2 centaur zombies (Ossuary)
  An orc priest (D:3)
  A human zombie (Ossuary)
  4 jellies
  3 hounds
  Jessica (D:3)
  An orc wizard (D:7)
  Ijyb (D:5)
  2 iguanas
  7 scorpion zombies (Ossuary)
  3 mummies (Ossuary)
  7 adders
  A shadow imp (D:7)
  3 white imps
  A worm (D:5)
  3 dart slugs
  11 orcs
  6 ball pythons
  12 endoplasms
  6 giant cockroaches
  3 gnoll zombies (Ossuary)
  5 goblins
  3 hobgoblins (D:1)
  2 jackals (D:1)
  3 quokkas
  4 bats
  6 frilled lizards
  3 goblin zombies (Ossuary)
  2 hobgoblin zombies (Ossuary)
  23 kobolds
  2 kobold zombies (Ossuary)
  An orc zombie (Ossuary)
  2 rats (D:3)
199 creatures vanquished.

Vanquished Creatures (others)
  An orc priest (D:3)
  4 plants (D:3)
5 creatures vanquished.

Grand Total: 204 creatures vanquished

Notes
Turn   | Place    | Note
-------+----------+-------------------------------------------
     0 | D:1      | Crownlay the Troll Fighter began the quest for the Orb.
     0 | D:1      | Reached XP level 1. HP: 22/22 MP: 0/0
   113 | D:1      | Reached XP level 2. HP: 27/29 MP: 1/1
   502 | D:2      | Reached skill level 3 in Unarmed Combat
   502 | D:2      | Reached XP level 3. HP: 36/36 MP: 2/2
  1076 | D:2      | Reached XP level 4. HP: 44/44 MP: 3/3
  1302 | D:3      | Found a radiant altar of Vehumet.
  1346 | D:3      | Found Ozicvubi's Weapon Emporium.
  1606 | D:3      | Noticed Grinder
  1624 | D:3      | Killed Grinder
  1625 | D:3      | Reached skill level 4 in Unarmed Combat
  1625 | D:3      | Reached XP level 5. HP: 7/53 MP: 4/4
  1625 | D:3      | Reached XP level 6. HP: 8/61 MP: 5/5
  1773 | D:3      | Noticed Jessica
  1785 | D:3      | Killed Jessica
  1786 | D:3      | Reached skill level 5 in Unarmed Combat
  1979 | D:4      | Noticed Eustachio
  2029 | D:3      | Killed Eustachio
  2030 | D:3      | Reached XP level 7. HP: 48/70 MP: 6/6
  2116 | D:4      | Found Urihuebb's Antique Weapon Shoppe.
  2158 | D:4      | Found a staircase to the Ecumenical Temple.
  2163 | D:4      | Reached skill level 6 in Unarmed Combat
  2166 | Temple   | Entered the Ecumenical Temple
  2222 | Temple   | Became a worshipper of the Wu Jian Council
  2593 | D:5      | Entered Level 5 of the Dungeon
  2624 | D:5      | Noticed Ijyb
  2633 | D:5      | Killed Ijyb
  2751 | D:5      | Noticed Pikel
  2786 | D:5      | Killed Pikel
  2787 | D:5      | Reached skill level 5 in Shields
  2787 | D:5      | Reached skill level 7 in Unarmed Combat
  2787 | D:5      | Reached XP level 8. HP: 46/79 MP: 7/7
  2795 | D:5      | Noticed Sigmund
  2803 | D:5      | Killed Sigmund
  2804 | D:5      | Reached skill level 5 in Fighting
  2910 | D:5      | Reached skill level 8 in Unarmed Combat
  3001 | D:5      | Found a sand-covered staircase.
  3011 | Ossuary  | Entered an ossuary
  3058 | Ossuary  | Reached * piety under Wu Jian
  3166 | Ossuary  | Reached XP level 9. HP: 85/88 MP: 8/8
  3250 | Ossuary  | Reached skill level 9 in Unarmed Combat
  3263 | Ossuary  | Reached ** piety under Wu Jian
  3363 | D:5      | Found an opulent altar of Gozag.
  4665 | D:7      | You fall into a shaft and drop 2 floors!
  4682 | D:9      | Found a hide-covered altar of Uskayaw.
  4745 | D:9      | Reached skill level 10 in Unarmed Combat
  4765 | D:9      | Noticed a two-headed ogre
  4766 | D:9      | Noticed a troll
  4777 | D:9      | Killed a two-headed ogre
  4778 | D:9      | Reached XP level 10. HP: 85/100 MP: 9/9
  5259 | D:8      | Reached *** piety under Wu Jian
  5357 | D:8      | Reached skill level 11 in Unarmed Combat
  5577 | D:7      | Found a broken altar of Ashenzari.
  5752 | D:7      | Identified the amulet of Iklots {Acrobat *Corrode rElec
                  | rF+}
  5896 | D:7      | Found a glowing golden altar of the Shining One.
  5973 | D:7      | Found an ancient bone altar of Kikubaaqudgha.
  6452 | D:8      | Noticed an obsidian statue
  6805 | D:8      | Noticed Gastronok
  6823 | D:8      | Killed Gastronok
  6841 | D:8      | Paralysed by a kobold brigand for 2 turns
  7118 | D:9      | Reached XP level 11. HP: 105/109 MP: 10/10
  7183 | D:9      | Noticed a centaur warrior
  7183 | D:9      | Noticed a green ugly thing
  7202 | D:9      | Killed a centaur warrior
  7203 | D:9      | Reached skill level 12 in Unarmed Combat
  7204 | D:9      | Noticed a centaur warrior
  7205 | D:9      | Noticed a white ugly thing
  7217 | D:9      | Killed a centaur warrior
  7218 | D:9      | Reached skill level 5 in Dodging
  7222 | D:9      | Killed a white ugly thing
  7224 | D:9      | HP: 3/109 [gargoyle/+0 mace (12)]
  7224 | D:9      | Identified the +5 dagger "Tinyeklo" {protect, Dex+4}
  7224 | D:9      | Noticed a centaur warrior
  7225 | D:9      | HP: 1/109 [gargoyle/+0 mace (4)]
  7226 | D:9      | Noticed a boulder beetle
  7226 | D:9      | Killed from afar by a gargoyle

Illustrated notes

Levels and vault maps discovered:
D:1:      dpeg_arrival_erosion, layout_rooms, chequers_serial_rivers_small_3,
          serial_park_tiny_1
D:2:      layout_basic
D:3:      layout_rooms, fiery_altar_vehumet, serial_forest,
          infiniplex_forest_pool, infiniplex_forest_end_2,
          infiniplex_forest_lined_corner, infiniplex_forest_lined_corner,
          infiniplex_forest_clump_medium, infiniplex_forest_clump_double,
          infiniplex_forest_clump_tiny, infiniplex_forest_clump_double,
          infiniplex_forest_straight_2, serial_shops,
          nicolae_shop_bloodbath_and_beyond, uniq_grinder, uniq_jessica
D:4:      layout_gridville, minmay_temple_entry_enclosed_plants, serial_shops,
          nicolae_shop_crystal, minmay_between, uniq_eustachio
D:5:      layout_layer_cave, nicolae_gozag_cash_rules_everything_around_me,
          chequers_ossuary_entry_cave, st_stairs_13, uniq_ijyb, uniq_pikel,
          uniq_sigmund
D:6:      layout_rooms
D:7:      layout_gridville, nicolae_tso_carved_into_rock, marbit_many_paths,
          kennysheep_mini_moat, minmay_misc_feat_pillars
D:8:      minmay_statue_hallways, layout_basic, uniq_gastronok
D:9:      minmay_the_grid_triangle_9x9_rhombus_thin
          [minmay_the_grid_triangle_9x9_flanged_cone,
          minmay_the_grid_triangle_9x9_prize_insulated,
          minmay_the_grid_triangle_9x9_pentomino_pain,
          minmay_the_grid_triangle_9x9_warning], layout_stronghold,
          nicolae_overflow_crystal_walls, gammafunk_ghost_cemetery
Temple:   dshaligram_water_room_temple

Skill      XL: |  1  2  3  4  5  6  7  8  9 10 11 |
---------------+----------------------------------+-----
Shields        | 3 4 5 6 7 8 |  8.3
Unarmed Combat | 3 4 5 7 8 10 11 12 | 12.2
Fighting       | 3 4 5 6 7 |  7.6
Dodging        | 3 4 5 |  5.0

Action                     |  1- 3 |  4- 6 |  7- 9 | 10-12 || total
---------------------------+-------+-------+-------+-------++-------
  Melee: Unarmed           |   101 |    95 |   274 |   202 ||   672
  Throw: Dart              |       |       |     1 |     1 ||     2
 Invoke: Serpent's Lash    |       |       |       |     1 ||     1
Ability: Lunge             |       |       |    11 |    14 ||    25
         Whirlwind         |       |       |     6 |       ||     6
    Use: Potion            |       |     1 |       |     1 ||     2
         Scroll            |       |       |    12 |     2 ||    14
   Stab: Sleeping          |     2 |       |     2 |       ||     4
 Armour: Robe              |    28 |    24 |    87 |     1 ||   140
         Troll leather arm |       |       |       |    53 ||    53
  Dodge: Dodged            |    19 |    38 |    83 |    54 ||   194
  Block: Kite shield       |    38 |    38 |   129 |    71 ||   276

Table legend: (Time is in decaauts)
 A = Elapsed time spent in this place.
 B = Non-inter-level travel time spent in this place.
 C = Inter-level travel time spent in this place.
 D = Time resting spent in this place.
 E = Time spent auto-exploring this place.
 F = Levels seen in this place.
 G = Mean time per level.
                   A        B        C        D        E       F      G
               +--------+--------+--------+--------+--------+-----+--------+
         Total |   7209 |   6957 |    252 |      0 |   5310 |  11 |  655.4 |
       Dungeon |   6812 |   6568 |    244 |      0 |   5153 |   9 |  756.9 |
        Temple |     65 |     57 |      8 |      0 |     44 |   1 |   65.0 |
       Ossuary |    330 |    330 |      0 |      0 |    113 |   1 |  330.0 |
               +--------+--------+--------+--------+--------+-----+--------+

Top non-repeatable levels by time:
     D:5: 1186 daAuts
     D:8: 1113 daAuts
     D:7: 949 daAuts
     D:2: 818 daAuts
     D:3: 700 daAuts
     D:9: 576 daAuts
     D:4: 536 daAuts
     D:1: 488 daAuts
     D:6: 444 daAuts
 Ossuary: 330 daAuts
  Temple: 65 daAuts
